 Dungeon Crawl Stone Soup version 0.27.1-3-gb3d3a73c9e (webtiles) character file.

Game seed: 5908044967089575457

44 Descartes the Sneak (level 3, -1/19 HPs)
             Began as a Deep Elf Wanderer on Oct 8, 2021.
             Slain by Natasha (3 damage)
             ... on level 2 of the Dungeon.
             The game lasted 00:01:50 (1264 turns).

Descartes the Sneak (Deep Elf Wanderer)             Turns: 1264, Time: 00:01:51

Health: -1/19      AC:  2    Str: 10    XL:     3   Next: 39%
Magic:  9/9        EV: 13    Int: 15    God:
Gold:   39         SH:  0    Dex: 15    Spells: 8/8 levels left

rFire    . . .     SeeInvis .   a - +2 short sword
rCold    . . .     Faith    .   (no shield)
rNeg     . . .     Spirit   .   e - +0 robe
rPois    .         Reflect  .   (no helmet)
rElec    .         Harm     .   (no cloak)
rCorr    .         Rampage  .   (no gloves)
Will     .....                  (no boots)
Stlth    ++........             (no amulet)
HPRegen  0.06/turn              (no ring)
MPRegen  0.11/turn              (no ring)

@: no status effects
A: no striking features
a: no special abilities


You were on level 2 of the Dungeon.
You visited 1 branch of the dungeon, and saw 2 of its levels.

You collected 39 gold pieces.

Inventory:

Hand Weapons
 a - a +2 short sword (weapon)
 d - a +0 dagger
Missiles
 c - 11 poisoned darts (quivered)
Armour
 e - a +0 robe (worn)
Scrolls
 b - a scroll of teleportation
 f - a scroll of identify
 h - a scroll of fear {unknown}
Potions
 g - a potion of curing


   Skills:
 - Level 1.0 Short Blades
 - Level 2.0 Throwing
 + Level 3.0 Dodging
 + Level 3.2 Stealth
 - Level 3.0 Spellcasting
 - Level 2.1 Translocations
 - Level 1.1 Fire Magic


You had 8 spell levels left.
You didn't know any spells.
Your spell library was empty.

Dungeon Overview and Level Annotations

Branches:
Dungeon (2/15)

Altars:

Annotations:
D:2 1 runed translucent door, Crazy Yiuf, Natasha, Terence


Message History

You barely miss the adder. The adder bites you.
You are poisoned.
The adder poisons you!
You closely miss the adder.
You feel sick. The adder bites you. The adder barely misses you.
You are too injured to fight recklessly!
You are too injured to fight recklessly!
You are too injured to fight recklessly!
You are too injured to fight recklessly!
You are too injured to fight recklessly!
You are too injured to fight recklessly!
You are too injured to fight recklessly!
You are too injured to fight recklessly!
You are too injured to fight recklessly!
You are too injured to fight recklessly!
You are too injured to fight recklessly!
You miss the adder.
You feel sick. The adder closely misses you.
Unknown command.
You hit the adder.
The adder is lightly wounded.
You feel sick. The adder misses you.
You hit the adder.
The adder is heavily wounded.
You feel sick. The adder closely misses you. The adder misses you.
You puncture the adder!
You kill the adder!
You feel sick.
Your Dodging skill increases to level 3!
You hit Natasha.
Natasha is lightly wounded.
You feel sick.
You are no longer poisoned.
Natasha misses you.
Okay, then.
You aren't carrying any items that you can evoke.
As you read the scroll labelled YVYOMI EKKUN, it crumbles to dust.
It is a scroll of identify.
g - a potion of curing Natasha claws you.
You die...

.##g.. #
............<...# .
.##. #.........#### .
.. .. ##.........# .
..
##.#######..##.....##
.............#...#
....##.#.####...#
##.#.##.#..##....#
........#........#
#...##g@#.....#..# ..
##h#....##..#
..#.......##
##.#......## #...#...
........ ...)....#
.........#######
............#


You could see Natasha and a goblin.

Vanquished Creatures
  An adder (D:2)
  2 dart slugs (D:1)
  3 ball pythons
  3 bats (D:1)
  8 endoplasms
  2 goblins (D:1)
  2 hobgoblins
  3 kobolds (D:1)
  2 quokkas
26 creatures vanquished.

Notes
Turn   | Place    | Note
-------+----------+-------------------------------------------
     0 | D:1      | Descartes the Deep Elf Wanderer began the quest for the
                  | Orb.
     0 | D:1      | Descartes set off with the following items: a +2 short
                  | sword, a scroll of teleportation, 11 poisoned darts, a +0
                  | dagger, a +0 robe
     0 | D:1      | Reached XP level 1. HP: 10/10 MP: 6/6
   112 | D:1      | Found a faded altar of an unknown god.
   173 | D:1      | Reached XP level 2. HP: 10/15 MP: 8/8
   878 | D:2      | Noticed Terence
   914 | D:2      | Reached XP level 3. HP: 14/19 MP: 9/9
  1190 | D:2      | Noticed Crazy Yiuf
  1190 | D:2      | Found a runed translucent door.
  1254 | D:2      | Noticed Natasha
  1264 | D:2      | Slain by Natasha

Illustrated notes

Levels and vault maps discovered:
D:1:      psy_arrival_conway, layout_basic, shapermc_ecumenical_altar_petra
D:2:      layout_rooms, minmay_small_reverse_x, uniq_terence, uniq_robin,
          uniq_natasha, uniq_crazy_yiuf_cottage

Skill      XL: |  1  2  3 |
---------------+----------+-----
Stealth        | 2 3 |  3.2
Dodging        | 2 3 |  3.0
Short Blades   | |  1.0
Throwing       | |  2.0
Spellcasting   | |  3.0
Translocations | |  2.1
Fire Magic     | |  1.1

Action                   || total
-------------------------++-------
Melee: Short sword       ||    60
  Use: Scroll            ||     1
 Stab: Sleeping          ||     8
Armor: Robe              ||     8
Dodge: Dodged            ||    35
